 Dungeon Crawl Stone Soup version 0.25.1-11-g244df3a29b (webtiles) character file.

Game seed: 17602259277775932460

100938 DeepDeath the Brawler (level 15, -3/143 HPs)
             Began as a Troll Berserker on Feb 1, 2024.
             Was a High Priest of Trog.
             Slain by a spriggan rider
             ... wielding a +2 antimagic spear
              (14 damage)
             ... on level 2 of the Swamp on Feb 2, 2024.
             The game lasted 01:47:34 (27476 turns).

DeepDeath the Brawler (Troll Berserker)            Turns: 27476, Time: 01:47:35

Health: -3/143     AC: 13    Str: 31      XL:     15   Next: 82%
Magic:  4/17       EV: 26    Int:  5 (7)  God:    Trog [*****.]
Gold:   1079       SH:  0    Dex: 14 (16) Spells: 14/14 levels left

rFire    + + .     SeeInvis .     - Unarmed
rCold    + . .     Gourm    +   (no shield)
rNeg     . . .     Faith    .   q - +2 acid dragon scales
rPois    +         Spirit   .   k - +0 hat {Int+3}
rElec    +         Reflect  .   F - scarf {repulsion}
rCorr    +         Harm     .   (gloves unavailable)
MR       ++++.                  (boots unavailable)
Stlth    +++++.....             Q - amulet of the acrobat
HPRegen  1.73/turn              P - ring "Bifydu" {Fire MR+ Dex+3 Slay+3 Stlth+}
MPRegen  0.15/turn              I - ring of protection from cold

@: about to teleport, resistant, berserk cooldown, acrobat, regenerating, repel
missiles
A: large, unfitting armour, claws 3, deterioration 1, fast metabolism 3, frail
1, gourmand, regeneration 1, shaggy fur 1, strong 1, tough skin 3, wild magic 1,
evolution 1
a: Berserk, Trog's Hand, Brothers in Arms, Renounce Religion


You were on level 2 of the Swamp.
You worshipped Trog.
Trog was extremely pleased with you.
You were not hungry.

You visited 4 branches of the dungeon, and saw 25 of its levels.
You also visited: Sewer.

You collected 2755 gold pieces.
You spent 1676 gold pieces at shops.

Inventory:

Hand Weapons
 e - a cursed +4 short sword of freezing
 r - the +1 trident of the Witching Priest {speed, MR+ Dex+2}
   (You bought it in a shop on level 2 of the Orcish Mines)

   Attacks with this weapon are significantly faster.
   It affects your dexterity (+2).
   It affects your resistance to hostile enchantments.
 s - a +5 quick blade of flaming
 w - the +4 flail "Buffipn" {antimagic, +Rage rPois}
   (You bought it in a shop on level 8 of the Dungeon)

   It reduces the magical energy of the wielder, and disrupts the spells and
   magical abilities of those hit.
   Natural abilities and divine invocations are not affected.
   It protects you from poison.
   It lets you go berserk.
Missiles
 A - 8 large rocks
 B - 31 boomerangs (quivered)
 D - 63 poisoned darts
 H - a throwing net
 J - 2 javelins
 T - 5 datura-tipped darts
 Z - 16 curare-tipped darts
Armour
 k - a +0 hat of intelligence (worn)
 q - +2 acid dragon scales (worn)
 F - a scarf of repulsion (worn)
 U - a +1 robe of cold resistance
 Y - a +1 cloak of magic resistance
Jewellery
 a - an uncursed ring of see invisible
 l - an uncursed ring of ice
 y - an uncursed ring of flight
 I - a ring of protection from cold (right claw)
 P - the ring "Bifydu" (left claw) {Fire MR+ Dex+3 Slay+3 Stlth+}
   (You bought it in a shop on level 4 of the Dungeon)

   [ring of fire]

   It enhances your fire magic.
   It affects your dexterity (+3).
   It affects your accuracy and damage with ranged weapons and melee attacks
   (+3).
   It protects you from fire.
   It makes you vulnerable to cold.
   It affects your resistance to hostile enchantments.
   It makes you more stealthy.
 Q - an amulet of the acrobat (around neck)
Wands
 t - a wand of flame (52)
 u - a wand of disintegration (3)
 v - a wand of paralysis (16)
 K - a wand of digging (7)
 O - a wand of acid (8)
 R - a wand of enslavement (15)
Scrolls
 n - 13 scrolls of teleportation
 o - 15 scrolls of remove curse
 p - 3 scrolls of blinking
 z - a scroll of holy word
 C - 3 scrolls of fear
 E - 2 scrolls of fog
 G - a scroll of enchant armour
 M - 4 scrolls of magic mapping
 N - 2 scrolls of silence
 W - 2 scrolls of identify
Potions
 b - 3 potions of heal wounds
 c - a potion of curing
 g - a potion of resistance
 h - 3 potions of lignification
 i - 2 potions of might
 j - 3 potions of cancellation
 m - 7 potions of flight
 x - 2 potions of berserk rage
 L - a potion of haste
 S - 2 potions of ambrosia
Miscellaneous
 d - a lightning rod (4/4)
Comestibles
 f - 26 rations


   Skills:
 * Level 13.1 Fighting
 - Level 3.0 Short Blades
 - Level 3.0 Maces & Flails
 - Level 3.0 Polearms
 + Level 4.9 Throwing
 - Level 7.0 Armour
 - Level 4.0 Dodging
 - Level 8.6 Stealth
 - Level 15.0 Unarmed Combat
 - Level 5.0 Evocations


You had 14 spell levels left.
You didn't know any spells.
Your spell library was empty.

Dungeon Overview and Level Annotations

Branches:
Dungeon (15/15)            Temple (0/1) D:6            Lair (6/6) D:8
  Swamp (2/4) Lair:4       Spider (0/4) Lair:2        Slime (0/5) Lair:6
    Orc (2/2) D:12            Elf (0/3) Orc:2        Vaults (0/5) D:14
 Depths (0/5) D:15          Sewer (visited)

Altars:
Ashenzari
Dithmenos
Elyvilon
Fedhas
Hepliaklqana
Okawaru
Ru
Trog
Uskayaw
Vehumet
Yredelemnul

Shops:
D:4 *   D:8 [(%:   D:12 [*   Orc:1 ?   Orc:2 :*[(

Portals:
Abyss: D:5 Orc:2

Annotations:
Swamp:1 1 runed translucent door, Ricegish's ghost, adept GnFi
Orc:2 2 transporters, Snicker's ghost, journeyman TrTm


Innate Abilities, Weirdness & Mutations

You are too large for most types of armour.
You have claws for hands.
Your metabolism is lightning-fast.
You like to eat raw meat.
Your natural rate of healing is unusually fast.
You are covered in fur. (AC +1)
You have extremely tough skin. (AC +3)
Your body sometimes deteriorates upon taking damage.
You are frail. (-10% HP)
Your muscles are strong. (Str +2)
Your spells are a little harder to cast, but a little more powerful.
You evolve.


Message History

An alligator comes into view.
The spriggan rider hits you from afar with a +0 spear!
* * * LOW HITPOINT WARNING * * *
Unknown command.
Unknown command.
Unknown command.
Unknown command.
Unknown command.
Unknown command.
As you read the scroll of teleportation, it crumbles to dust.
You feel strangely unstable. The spriggan rider closely misses you.
Unknown command.
Unknown command.
Unknown command.
You feel yourself speed up.
The spriggan rider hits you but does no damage.
The spriggan rider hits you from afar with a +0 spear!
* * * LOW HITPOINT WARNING * * *
The spriggan rider hits you with a +2 antimagic spear!
You die...

≈.♣♣ ♣.♣♣ ≈.♣ ♣≈≈♣ ... ♣♣
≈.♣ ♣≈♣♣ .t .♣ .♣ ≈.♣♣
♣♣.♣♣ .. .♣♣.♣ ≈♣≈♣ ♣...♣
. .♣..♣ .♣≈♣♣♣.♣.♣ ♣♣
.♣.♣.≈♣ .♣.♣♣....♣♣
♣.♣♣....≈♣ ...≈≈≈≈♣≈.♣
♣♣[♣i♣≈≈.♣
♣≈≈≈.≈≈♣≈.♣♣♣♣§.@.≈≈≈)♣
♣.≈≈≈......♣♣))♣♣.≈≈..♣♣
?♣
♣.≈≈≈≈≈≈≈≈≈≈...♣♣i♣≈§≈≈♣.
$≈
♣..≈.≈≈≈≈≈.≈...♣♣)≈..≈...
≈
)♣.≈.≈≈≈≈≈.≈≈≈≈§≈♣.♣♣....
..♣≈....≈♣.≈≈≈≈.≈♣♣♣ ♣...
.♣♣≈≈.≈≈≈♣♣≈≈≈≈.♣♣ .≈≈
.♣♣.≈.≈♣≈♣♣≈§≈..♣ ≈≈
.♣♣.≈.≈≈.♣♣.♣≈..♣


You could see 2 spriggan riders.

Vanquished Creatures
  A thorn hunter (Swamp:2)
  Gastronok (Lair:3)
  An orc warlord (Orc:2)
  An emperor scorpion (D:14)
  5 hydras
  Harold (Orc:1)
  3 centaur warriors (D:14)
  5 alligators (Swamp:1)
  2 two-headed ogres (D:14)
  3 orc high priests (Orc:2)
  Sonja (D:10)
  Nergalle (D:10)
  4 unseen horrors
  2 swamp dragons (Swamp:1)
  3 orc knights (Orc:2)
  10 ugly things (D:15)
  5 cyclopes
  8 oklob plants
  A deep elf mage (D:15)
  A salamander (D:15)
  4 orc sorcerers (Orc:2)
  A wolf spider (Lair:2)
  4 manticores
  6 elephants (Lair:5)
  Joseph (D:7)
  4 black mambas
  The ghost of AylatheWolf the Shield-Bearer, a novice MiFi of Okawaru (D:5)
  23 spiny frogs
  2 gargoyles
  Maggie (D:7)
  2 kobold demonologists (D:11)
  5 komodo dragons
  8 rime drakes
  2 jumping spiders (Lair:2)
  3 trolls
  2 polar bears
  A wolf spider simulacrum (D:14)
  6 tyrant leeches
  Prince Ribbit (D:8)
  A wind drake (shapeshifter) (D:15)
  5 hornets
  30 blink frogs
  13 hippogriffs
  5 bog bodies
  18 slime creatures
  4 spriggans
  3 shadows
  A water elemental (D:13)
  A redback (Lair:4)
  A wraith (D:11)
  10 wyverns
  19 yaks
  A vampire (D:14)
  6 basilisks (Lair:4)
  24 vampire mosquitoes
  5 insubstantial wisps (Lair:4)
  7 swamp worms
  2 wargs
  Edmund (D:6)
  3 acid dragons
  A soldier ant (D:12)
  2 porcupines (Lair:4)
  27 water moccasins
  A floating eye (Lair:5)
  8 phantoms
  5 ice beasts
  33 orc warriors
  3 sky beasts
  3 swamp drakes (Swamp:1)
  2 black bears
  6 necrophages
  19 wolves
  14 ogres
  9 centaurs
  A small abomination (D:5)
  9 crocodiles
  4 big kobolds
  22 bullfrogs
  A wyvern zombie (D:14)
  3 scorpions
  5 killer bees (D:10)
  7 wights
  An electric eel (Lair:6)
  A howler monkey (D:5)
  10 crimson imps
  A centaur zombie (D:9)
  A quasit (D:9)
  8 hounds
  4 jellies
  2 bullfrog skeletons
  2 bullfrog zombies
  25 orc priests
  Crazy Yiuf (D:3)
  An iron imp (D:5)
  30 orc wizards
  4 centaur skeletons
  An iguana (D:4)
  7 worker ants
  A killer bee zombie (D:8)
  A hound skeleton (D:5)
  2 hound zombies
  23 adders
  10 gnolls
  A river rat (Sewer)
  A shadow imp (D:8)
  An ufetubus (D:5)
  An adder skeleton (D:6)
  4 worms
  2 dart slugs (D:2)
  7 leopard geckos
  102 orcs
  7 giant cockroaches
  9 goblins
  6 hobgoblins
  9 jackals
  7 quokkas
  A ball python (D:4)
  10 bats
  5 frilled lizards
  A jackal skeleton (D:5)
  21 kobolds
  14 rats
  2 plants
828 creatures vanquished.

Vanquished Creatures (collateral kills)
  4 hydras
  A blink frog (Lair:6)
  A tyrant leech (Lair:6)
  A bullfrog (Lair:6)
  An orc wizard (Orc:2)
8 creatures vanquished.

Vanquished Creatures (others)
  An orc (Orc:2)
  8 fungi
  20 plants
  A withered plant (Swamp:1)
30 creatures vanquished.

Grand Total: 866 creatures vanquished

Notes
Turn   | Place    | Note
-------+----------+-------------------------------------------
     0 | D:1      | DeepDeath the Troll Berserker began the quest for the Orb.
     0 | D:1      | Reached XP level 1. HP: 22/22 MP: 0/0
   115 | D:1      | Reached XP level 2. HP: 29/29 MP: 1/1
   603 | D:2      | Reached XP level 3. HP: 34/36 MP: 2/2
   622 | D:2      | Reached skill level 4 in Unarmed Combat
   646 | D:2      | Reached ** piety under Trog
   654 | D:2      | Reached XP level 4. HP: 45/45 MP: 3/3
   693 | D:2      | Found a hide-covered altar of Uskayaw.
   693 | D:2      | Found a shadowy altar of Dithmenos.
   889 | D:2      | Reached skill level 5 in Unarmed Combat
   889 | D:2      | Reached XP level 5. HP: 53/53 MP: 4/4
  1030 | D:2      | Found a bloodstained altar of Trog.
  1151 | D:2      | Found a basalt altar of Yredelemnul.
  1461 | D:3      | Found a runed translucent door.
  1462 | D:3      | Noticed Crazy Yiuf
  1560 | D:3      | Killed Crazy Yiuf
  1600 | D:3      | Noticed a centaur
  1609 | D:3      | Killed a centaur
  1609 | D:3      | Reached XP level 6. HP: 34/62 MP: 5/5
  1663 | D:3      | Found a hazy altar of Hepliaklqana.
  1677 | D:3      | Reached skill level 6 in Unarmed Combat
  1814 | D:3      | Found a radiant altar of Vehumet.
  2088 | D:4      | Found Ahesid's Assorted Antiques.
  2132 | D:4      | Bought a smoking silver ring for 150 gold pieces
  2132 | D:4      | Identified the ring "Bifydu" {Fire MR+ Dex+3 Slay+3 Stlth+}
                  | (You bought it in a shop on level 4 of the Dungeon)
  2187 | D:4      | Reached *** piety under Trog
  2294 | D:4      | Reached XP level 7. HP: 70/70 MP: 6/6
  2379 | D:4      | Reached skill level 7 in Unarmed Combat
  2765 | D:4      | Bought a scroll of identify for 60 gold pieces
  2765 | D:4      | Bought a sedimented purple potion for 27 gold pieces
  2799 | D:5      | Entered Level 5 of the Dungeon
  2832 | D:5      | Found a white marble altar of Elyvilon.
  2845 | D:5      | Noticed AylatheWolf's ghost (novice MiFi)
  2946 | D:5      | Reached skill level 1 in Armour
  2946 | D:5      | Reached XP level 8. HP: 56/79 MP: 7/7
  2986 | D:5      | Reached skill level 8 in Unarmed Combat
  3030 | D:5      | Found a glowing drain.
  3034 | Sewer    | Entered a sewer
  3039 | Sewer    | Reached skill level 1 in Evocations
  3130 | Sewer    | Reached skill level 5 in Fighting
  3166 | Sewer    | Found a white marble altar of Elyvilon.
  3288 | D:5      | Reached skill level 1 in Stealth
  3417 | D:5      | Found a transporter.
  3428 | D:5      | Found a transporter.
  3598 | D:5      | Reached **** piety under Trog
  3935 | D:6      | Reached skill level 9 in Unarmed Combat
  4065 | D:6      | Found an iron altar of Okawaru.
  4250 | D:6      | Noticed Edmund
  4263 | D:6      | Killed Edmund
  4263 | D:6      | Reached XP level 9. HP: 82/89 MP: 8/8
  4323 | D:6      | Found a staircase to the Ecumenical Temple.
  4416 | D:6      | Reached skill level 10 in Unarmed Combat
  5252 | D:6      | Got a crystal glaive
  5295 | D:7      | Noticed Maggie
  5308 | D:7      | Killed Maggie
  5619 | D:7      | Noticed Joseph
  5767 | D:7      | Killed Joseph
  6072 | D:7      | Reached skill level 11 in Unarmed Combat
  6361 | D:8      | Found a basalt altar of Yredelemnul.
  6444 | D:8      | Found Umagumer's Antique Armour Shoppe.
  6591 | D:8      | Found a staircase to the Lair.
  6592 | D:8      | Noticed a komodo dragon
  6606 | D:8      | Killed a komodo dragon
  6606 | D:8      | Reached skill level 1 in Maces & Flails
  6606 | D:8      | Reached XP level 10. HP: 76/102 MP: 9/9
  6748 | D:8      | Found Finlych's Book Shop.
  6789 | D:8      | Found Neshriab's Food Shop.
  6798 | D:8      | Found Lagup's Weapon Shop.
  6810 | D:8      | Noticed Prince Ribbit
  6816 | D:8      | Killed Prince Ribbit
  6857 | D:8      | Found a sacrificial altar of Ru.
  7779 | D:10     | Entered Level 10 of the Dungeon
  7916 | D:10     | Noticed Nergalle
  7923 | D:10     | Killed Nergalle
  7932 | D:10     | Killed an unseen horror
  8101 | D:10     | Noticed Sonja
  8112 | D:10     | Killed Sonja
  8372 | D:10     | Reached XP level 11. HP: 101/113 MP: 10/10
  8644 | D:8      | Bought an embroidered robe for 103 gold pieces
  8656 | D:8      | Identified the +12 glaive of Truth {vorpal, *Rage Int+3}
                  | (You found it on level 6 of the Dungeon)
  8721 | Lair:1   | Entered Level 1 of the Lair of Beasts
  8895 | Lair:1   | Noticed a six-headed hydra
  8906 | Lair:1   | Killed a six-headed hydra
  8942 | Lair:1   | Reached skill level 12 in Unarmed Combat
  9528 | Lair:2   | Noticed a seven-headed hydra
  9534 | Lair:2   | Killed a seven-headed hydra
  9983 | Lair:2   | Found a hole to the Spider Nest.
  9983 | Lair:2   | Noticed a wolf spider
  9997 | Lair:2   | Killed a wolf spider
  9997 | Lair:2   | Reached skill level 5 in Armour
 10619 | Lair:3   | Noticed Gastronok
 10630 | Lair:3   | Killed Gastronok
 10630 | Lair:3   | Reached skill level 1 in Throwing
 10630 | Lair:3   | Reached skill level 5 in Stealth
 10715 | Lair:3   | Reached XP level 12. HP: 121/123 MP: 12/12
 11188 | Lair:3   | Got a brightly glowing great sword
 11621 | Lair:4   | Found a staircase to the Swamp.
 12018 | Lair:4   | Noticed a seven-headed hydra
 12029 | Lair:4   | Killed a seven-headed hydra
 12783 | Lair:5   | Noticed a six-headed hydra
 12784 | Lair:5   | Reached XP level 13. HP: 131/131 MP: 13/13
 13870 | D:11     | Reached skill level 10 in Fighting
 14037 | D:11     | Reached skill level 13 in Unarmed Combat
 14237 | D:11     | Reached ***** piety under Trog
 14884 | D:12     | Found a staircase to the Orcish Mines.
 15037 | D:12     | Found Calafau's Antique Armour Shoppe.
 15337 | D:12     | Found Ril Jiul's Assorted Antiques.
 15340 | D:12     | Bought a potion of flight for 60 gold pieces
 15340 | D:12     | Bought a bubbling amethyst potion for 18 gold pieces
 15340 | D:12     | Bought a murky blue potion for 18 gold pieces
 15605 | Orc:1    | Entered Level 1 of the Orcish Mines
 15666 | Orc:1    | Found Ykakkaif's Magic Scroll Shop.
 15729 | Orc:1    | Noticed Harold
 15739 | Orc:1    | Received a gift from Trog
 15749 | Orc:1    | Killed Harold
 15900 | Orc:1    | Bought a scroll of identify for 30 gold pieces
 15900 | Orc:1    | Bought a scroll of identify for 30 gold pieces
 16105 | Orc:2    | Entered Level 2 of the Orcish Mines
 16314 | Orc:2    | Reached XP level 14. HP: 131/146 MP: 15/15
 16320 | Orc:2    | Reached skill level 14 in Unarmed Combat
 16553 | Orc:2    | Received a gift from Trog
 16728 | Orc:2    | Noticed an orc warlord
 16743 | Orc:2    | Killed an orc warlord
 16863 | Orc:2    | Found Fuxis's Antique Armour Shop.
 16864 | Orc:2    | Found Befyz's Antique Weapon Shop.
 16865 | Orc:2    | Found Dexaemas's General Store.
 16865 | Orc:2    | Found Soitso's Book Boutique.
 16932 | Orc:2    | Found a staircase to the Elven Halls.
 17250 | Orc:2    | Noticed Snicker's ghost (journeyman TrTm)
 17254 | Orc:2    | Found a one-way gate to the infinite horrors of the Abyss.
 17268 | Orc:2    | Found a transporter.
 17384 | Orc:2    | Found a transporter.
 17400 | Orc:2    | Identified the +8 dire flail of the Enemy {distort, +Rage
                  | Int-2 Stlth+}
 17400 | Orc:2    | Noticed an orc warlord
 17706 | Orc:2    | Bought an embroidered robe for 114 gold pieces
 17706 | Orc:2    | Bought a silken robe for 176 gold pieces
 17731 | Orc:2    | Identified the +1 robe of Dogma {-Tele Slay+2 Stlth+} (You
                  | bought it in a shop on level 2 of the Orcish Mines)
 17749 | Orc:2    | Bought a bone trident for 348 gold pieces
 17754 | Orc:2    | Identified the cursed +1 trident of the Witching Priest
                  | {speed, MR+ Dex+2} (You bought it in a shop on level 2 of
                  | the Orcish Mines)
 18039 | Lair:6   | Entered Level 6 of the Lair of Beasts
 18043 | Lair:6   | Found a staircase to the Slime Pits.
 18337 | Lair:5   | Reached skill level 1 in Polearms
 19439 | Lair:6   | Got a translucent arbalest
 21090 | D:13     | Received a gift from Trog
 21370 | D:14     | Found a shattered altar of Ashenzari.
 21418 | D:14     | Reached XP level 15. HP: 156/156 MP: 17/17
 21443 | D:14     | Reached skill level 5 in Evocations
 21628 | D:14     | Reached skill level 1 in Short Blades
 21705 | D:14     | Found a gate to the Vaults.
 21853 | D:14     | Identified 2 scrolls of acquirement
 21853 | D:14     | Acquired a manual of Slings
 22048 | Lair:2   | Acquired the +9 scales of the Dragon King {rPois rF+ rC+
                  | MR+}
 22049 | Lair:2   | Found the +9 scales of the Dragon King {rPois rF+ rC+ MR+}
 22326 | D:15     | Entered Level 15 of the Dungeon
 22538 | D:15     | Found a blossoming altar of Fedhas.
 23114 | D:14     | Reached skill level 15 in Unarmed Combat
 23271 | D:15     | Found a staircase to the Depths.
 23736 | D:14     | HP: 6/156 [poisoned by an emperor scorpion]
 23751 | D:14     | HP: 5/156 [emperor scorpion (9)]
 24608 | D:11     | Got an ichor-stained rapier
 24609 | D:11     | Identified the +4 rapier of Zeadax {drain, Int+3} (You
                  | found it on level 11 of the Dungeon)
 24926 | D:5      | Killed AylatheWolf's ghost
 25109 | Lair:2   | Gained mutation: You evolve. [potion of mutation]
 25109 | Lair:2   | Gained mutation: You are frail. (-10% HP) [potion of
                  | mutation]
 25109 | Lair:2   | Gained mutation: Your body sometimes deteriorates upon
                  | taking damage. [potion of mutation]
 25109 | Lair:2   | Gained mutation: Your muscles are strong. (Str +2) [potion
                  | of mutation]
 25172 | Swamp:1  | Entered Level 1 of the Swamp
 26107 | Swamp:1  | Received a gift from Trog
 26214 | Swamp:1  | Gained mutation: Your spells are a little harder to cast,
                  | but a little more powerful. [evolution]
 26370 | Swamp:1  | Found a runed translucent door.
 26370 | Swamp:1  | Noticed Ricegish's ghost (adept GnFi)
 26747 | D:8      | Bought the +4 flail "Buffipn" {antimagic, +Rage rPois} for
                  | 542 gold pieces
 27200 | Swamp:2  | Noticed a thorn hunter
 27211 | Swamp:2  | Killed a thorn hunter
 27218 | Swamp:2  | Noticed a thorn hunter
 27476 | Swamp:2  | Slain by a spriggan rider

Illustrated notes

Levels and vault maps discovered:
D:1:      psy_arrival_terrarium, layout_rooms
D:2:      layout_basic, nicolae_overflow_hidden_temple, minitemple,
          yredelemnul_altar_generic
D:3:      layout_basic, nicolae_overflow_crystal_walls, vehumet_crystals,
          uniq_crazy_yiuf_cottage
D:4:      minmay_razor_zed, layout_cave_pools, serial_shops,
          nicolae_shop_waterfront, first_ration, minmay_ruptured
D:5:      layout_basic, elyvilon_altar_1, gammafunk_ghost_abyssal_escape,
          gup_sewer_entry_spiral, minmay_between
D:6:      layout_layer_cave, minmay_temple_entry_ruins, minmay_misc_feat_alley,
          grunt_ministairs_2, okawaru_trees_1, uniq_edmund
D:7:      layout_basic, kennysheep_small_spiral, uniq_maggie, uniq_joseph
D:8:      layout_basic, old_standard_altar, david_lair_shrubbed, serial_shops,
          shop, shop, shop, kennysheep_mini, nicolae_ru_path_of_blood,
          uniq_prince_ribbit1
D:9:      layout_irregular_city
D:10:     layout_basic, grunt_pizzeria, uniq_nergalle, uniq_sonja
D:11:     layout_long_grid
D:12:     layout_basic, orc_0_dummy, special_room [special_room_orc],
          serial_shops, nicolae_shop_behind_doors, shop
D:13:     lemuel_reptile_caves, layout_loops_ring
D:14:     layout_big_octagon, nicolae_ashenzari_panopticon
D:15:     hangedman_depths_entry_try_elsewhere_first, layout_irregular_city,
          fedhas_altar_4
Lair:1:   layout_long_grid, grunt_megastairs_4
Lair:2:   layout_regular_city, spider_nest_entry_funnel_web,
          infiniplex_staircase_pool_2
Lair:3:   layout_long_grid, uniq_gastronok
Lair:4:   layout_cave_pods, minmay_swamp_entry_wisps, special_room
          [special_room_mythical_zoo], roderic_carrion_pond,
          minmay_lair_oklob_chamber
Lair:5:   layout_cave_shapes, disabler_island
Lair:6:   minmay_lair_end_frog_pond, layout_cave_pods,
          minmay_slime_entry_oklob_open
Swamp:1:  layout_basic_swamp, gammafunk_ghost_grave, hangedman_swamp_cone
Swamp:2:  layout_falls_marsh, basic_altar, infiniplex_staircase_pool
Orc:1:    layout_caves, serial_shops, shop_fountains, uniq_harold
Orc:2:    st_orc_congregation, layout_caves, gammafunk_ghost_abyssal_escape,
          mines_bat_river

Skill      XL: |  1  2  3  4  5  6  7  8  9 10 11 12 13 14 15 |
---------------+----------------------------------------------+-----
Unarmed Combat | 4 5 6 7 9 11 12 13 14 15 | 15.0
Fighting       | 3 4 5 7 8 9 11 12 13 | 13.1
Armour         | 1 2 4 5 6 7 |  7.0
Evocations     | 1 2 3 4 5 |  5.0
Dodging        | 3 4 |  4.0
Stealth        | 1 2 5 8 |  8.6
Maces & Flails | 1 3 |  3.0
Throwing       | 1 2 4 |  4.9
Polearms       | 3 |  3.0
Short Blades   | 3 |  3.0

Action                   |  1- 3 |  4- 6 |  7- 9 | 10-12 | 13-15 || total
-------------------------+-------+-------+-------+-------+-------++-------
Melee: Unarmed           |    53 |   141 |   267 |   443 |  1240 ||  2144
       Punch             |       |     4 |    12 |    43 |   126 ||   185
       Flail             |       |       |       |       |     9 ||     9
Throw: Dart              |       |       |     7 |    39 |   103 ||   149
       Throwing net      |       |       |       |     3 |     7 ||    10
       Boomerang         |       |       |       |       |   103 ||   103
Invok: Berserk           |     1 |     3 |     4 |     3 |    11 ||    22
       Trog's Hand       |       |     3 |     8 |    12 |    29 ||    52
       Brothers in Arms  |       |       |       |     3 |     3 ||     6
Evoke: Wand              |       |       |       |    13 |    31 ||    44
       Lightning rod     |       |       |       |       |     3 ||     3
  Use: Scroll            |     6 |     8 |     7 |     8 |    19 ||    48
       Potion            |       |       |       |     3 |    20 ||    23
 Stab: Sleeping          |       |       |     8 |    12 |    33 ||    53
       Paralysed         |       |       |       |     1 |       ||     1
       Distracted        |       |       |       |       |     4 ||     4
       Held in net/web   |       |       |       |       |     1 ||     1
  Eat: Chunk             |     4 |    26 |    26 |    48 |   129 ||   233
       Ration            |       |       |     4 |     6 |     8 ||    18
Armor: Animal skin       |    16 |    52 |    84 |       |       ||   152
       Acid dragon scale |       |       |    17 |   151 |   388 ||   556
       Skin              |       |       |       |       |     6 ||     6
Dodge: Dodged            |    29 |    66 |   148 |   192 |   723 ||  1158
       Repelled          |       |       |     4 |     2 |    45 ||    51
